 Dungeon Crawl Stone Soup version 0.17-a0-1210-g1e4f09d (webtiles) character file.

77 MonkeyBuisness the Skirmisher (level 4, -2/29 HPs)
             Began as a Gargoyle Fighter on June 4, 2015.
             Slain by a gnoll
             ... wielding a +0 halberd
              (10 damage)
             ... on level 2 of the Dungeon.
             The game lasted 00:03:29 (1148 turns).

MonkeyBuisness the Skirmisher (Gargoyle Fighter)    Turns: 1148, Time: 00:03:29

Health: -2/29      AC: 10    Str: 21    XL:     4   Next: 34%
Magic:  4/4        EV: 10    Int:  8    God:
Gold:   132        SH:  0    Dex:  9    Spells: 0 memorised, 3 levels left

rFire  . . .     SeeInvis .     a - +0 war axe
rCold  . . .     Clarity  .     b - +0 scale mail
rNeg   + . .     SustAt   .     (no shield)
rPois  ∞         Gourm    .     (no helmet)
rElec  +         Spirit   .     (no cloak)
rCorr  .         Warding  .     (no gloves)
rMut   .         Stasis   .     (no boots)
MR     .....                    (no amulet)
Stlth  ..........               (no ring)
                                (no ring)

@: not resistant to hostile enchantments, extremely unstealthy
A: negative energy resistance 1, electricity resistance, unbreathing,
petrification resistance, rot immunity, AC +3
a: no special abilities


You were on level 2 of the Dungeon.
You were very hungry.

You visited 1 branch of the dungeon, and saw 2 of its levels.

You collected 132 gold pieces.

Inventory:

Hand weapons
 a - a +0 war axe (weapon)
Armour
 b - a +0 scale mail (worn)
 c - a +0 shield
Scrolls
 f - a scroll of remove curse {unknown}
 i - 2 scrolls of teleportation {unknown}
 l - a scroll of enchant weapon {unknown}
Potions
 d - a potion of might
 h - a potion of heal wounds {unknown}
 j - 2 potions of cancellation {unknown}
 k - a potion of mutation {unknown}
 m - a potion of haste {unknown}
 n - a potion of invisibility {unknown}
 p - a potion of lignification {unknown}
Comestibles
 e - a bread ration {@e1}
 g - a slice of pizza
 o - a meat ration {@e2}


   Skills:
 + Level 4.0 Fighting
 * Level 2.8 Axes
 + Level 3.5 Armour
 + Level 1.2 Dodging
 - Level 3.2 Shields


You had 3 spell levels left.
You didn't know any spells.

Dungeon Overview and Level Annotations

Branches:
Dungeon (2/15)

Altars:


Innate Abilities, Weirdness & Mutations

You are resistant to torment.
Your stone body is resilient (AC +3).
You are immune to poison.
You resist negative energy.
You are resistant to electric shocks.
You can survive without breathing.
You are immune to petrification.
You are immune to rotting.


Message History

The bat barely misses you. The bat hits you but does no damage.
The bat barely misses you. The bat hits you but does no damage.
The bat hits you but does no damage.
Found 15 gold pieces.
Found a stone staircase leading up.
You completely miss the bat. The bat hits you but does no damage.
You slash the bat!
You kill the bat!
No target in view!
No target in view!
You now have 122 gold pieces (gained 15).
There is a stone staircase leading up here.
i - 2 scrolls labeled VABBANWOUFO (gained 1)
A rat and a goblin come into view.
The goblin hits you.
You take 1 damage, and have 23/24 hp.
Your scale mail prevents you from hitting the goblin.
The goblin hits you but does no damage.
You hit the goblin. You slash the rat!
You kill the rat!
The goblin barely misses you. The goblin hits you but does no damage.
You slash the goblin!
You kill the goblin!
Your Dodging skill increases to level 1!
No target in view!
You now have 132 gold pieces (gained 10).
A goblin comes into view.
The goblin shouts!
A goblin is nearby!
The goblin barely misses you.
Health restored: 24 You closely miss the goblin.
The goblin barely misses you.
You hit the goblin. The goblin barely misses you.
The goblin hits you but does no damage.
You hit the goblin.
You kill the goblin!
No target in view!
You see here a bat corpse.
You open the door.
A giant newt comes into view.
There is an open door here.
The giant newt bites you but does no damage.
You barely miss the giant newt. The giant newt closely misses you.
You hit the giant newt.
You kill the giant newt!
No target in view!
No target in view!
Found an escape hatch in the floor.
You open the door.
There is an open door here.
A gnoll comes into view. It is wielding a whip.
You are feeling very hungry.
A gnoll comes into view.
The gnoll shouts!
The gnoll moves out of view.
A gnoll comes into view. It is wielding a club.
The gnoll shouts!
A gnoll comes into view. It is wielding a halberd.
You hit the gnoll. The gnoll hits you but does no damage.
You closely miss the gnoll. The gnoll closely misses you.
You closely miss the gnoll. The gnoll barely misses you.
The gnoll shouts!
You hit the gnoll. The gnoll hits you but does no damage.
The gnoll hits you with a whip.
You take 2 damage, and have 22/24 hp.
You barely miss the gnoll. The gnoll barely misses you.
You hit the gnoll but do no damage. The gnoll hits you with a whip.
You take 4 damage, and have 18/24 hp.
You hit the gnoll. The gnoll barely misses you.
The gnoll hits you but does no damage.
You hit the gnoll.
You kill the gnoll!
You have reached level 4!
You feel stronger. The gnoll completely misses you.
You regained 3 hp, and now have 21/29 hp.
MP restored: 4 A hobgoblin comes into view.
It is wielding a club.
The hobgoblin shouts!
You hit the gnoll. The gnoll hits you but does no damage.
You closely miss the gnoll. The gnoll hits you.
The gnoll hits you but does no damage.
You take 6 damage, and have 15/29 hp.
MASSIVE DAMAGE!!
Your scale mail prevents you from hitting the gnoll.
The gnoll barely misses you.
You slash the gnoll!
You kill the gnoll!
Your Fighting skill increases to level 4!
You slash the gnoll!
You kill the gnoll!
The gnoll hits you from afar with a halberd.
You take 5 damage, and have 11/29 hp.
The gnoll barely misses you.
You completely miss the gnoll. The gnoll hits you with a halberd.
* * * LOW HITPOINT WARNING * * *
You take 3 damage, and have 8/29 hp.
You hit the gnoll. The gnoll closely misses you.
You closely miss the gnoll. The gnoll hits you with a halberd!
You die...

.## #......# ## .. .#
###.##### .# .. .# #.....#
.##. '## #####.# .g. ..## #.#
.. †..## ####.# .# # ....##
##.##.# ##.#.##
.....####...#.#######.....###
.....'..........@gg).........
.....####...#.#######..=..###
....## ##....# ##.#.## ...##
##.### .### ..## #.# .# +##
#.# .# .# #.# .# .# #.# .#
.## #.#


You could see a gnoll and a hobgoblin.

Vanquished Creatures
  3 gnolls (D:2)
  3 worms (D:2)
  2 giant cockroaches (D:2)
  9 goblins
  6 hobgoblins
  2 kobolds
  A quokka (D:2)
  2 ball pythons (D:1)
  8 bats
  A giant newt (D:2)
  6 rats
43 creatures vanquished.

Notes
Turn   | Place    | Note
--------------------------------------------------------------
     0 | D:1      | MonkeyBuisness the Gargoyle Fighter began the quest for the Orb.
     0 | D:1      | Reached XP level 1. HP: 14/14 MP: 1/1
    55 | D:1      | Reached skill level 2 in Axes
   150 | D:1      | Reached XP level 2. HP: 19/19 MP: 2/2
   583 | D:2      | Reached XP level 3. HP: 20/24 MP: 3/3
  1023 | D:2      | Reached skill level 1 in Dodging
  1136 | D:2      | Reached XP level 4. HP: 21/29 MP: 4/4
  1141 | D:2      | Reached skill level 4 in Fighting
  1148 | D:2      | Slain by a gnoll

Vault maps used:
D:1:      tarquinn_simple_flora_water_b

Action                   |  1- 3 |  4- 6 || total
-------------------------+-------+-------++-------
Melee: War axe           |   145 |     8 ||   153

Vault maps used:
D:1:      tarquinn_simple_flora_water_b

Table legend:
 A = Turns spent in this place as a percentage of turns spent in the entire game.
 B = Non-inter-level travel turns spent in this place as a percentage of non-inter-level travel turns spent in the entire game.
 C = Inter-level travel turns spent in this place as a percentage of turns spent in this place.
 D = Turns resting spent in this place as a percentage of non-inter-level travel turns spent in this place.
 E = Turns spent auto-exploring this place as a percentage of non-inter-level travel turns spent in this place.
 F = Non-inter-level travel turns spent in this place divided by the number of levels of this place that you've seen.
                   A       B       C       D       E      F
               +-------+-------+-------+-------+-------+----------------------
         Total | 100.0 | 100.0 |   0.3 |   0.0 |  16.3 | 181.0
       Dungeon | 100.0 | 100.0 |   0.3 |   0.0 |  16.3 | 181.0
               +-------+-------+-------+-------+-------+----------------------

Table legend:
 A = Kills in this place as a percentage of kills in entire the game.
 B = Kills by you in this place as a percentage of kills by you in the entire game.
 C = Kills by friends in this place as a percentage of kills by friends in the entire game.
 D = Other kills in this place as a percentage of other kills in the entire game.
 E = Experience gained in this place as a percentage of experience gained in the entire game.
 F = Experience gained in this place divided by the number of levels of this place that you have seen.
                   A       B       C       D       E      F
               +-------+-------+-------+-------+-------+----------------------
         Total | 100.0 | 100.0 |  -nan |  -nan | 100.0 |  55.5
       Dungeon | 100.0 | 100.0 |  -nan |  -nan | 100.0 |  55.5
               +-------+-------+-------+-------+-------+----------------------
